 Dungeon Crawl Stone Soup version 0.30-a0-377-g5cb311bc9f (webtiles) character file.

Game seed: 11087674355487939457

7 SmokeWeed the Sneak (level 1, -1/18 HPs)
             Began as a Demonspawn Delver on Nov 30, 2022.
             Splashed by a jelly's acid (10 damage)
             ... on level 4 of the Dungeon.
             The game lasted 00:00:58 (275 turns).

SmokeWeed the Sneak (Demonspawn Delver)              Turns: 275, Time: 00:00:59

Health: -1/18      AC:  3    Str: 12    XL:     1   Next: 91%
Magic:  1/1        EV: 11    Int: 11    God:
Gold:   5          SH:  0    Dex: 14    Spells: 0/0 levels left

rFire   . . .      SeeInvis .    a - +0 mace
rCold   . . .      Faith    .    (no shield)
rNeg    . . .      Spirit   .    b - +0 leather armour
rPois   .          Reflect  .    (no helmet)
rElec   .          Harm     .    (no cloak)
rCorr   .          Rampage  .    (no gloves)
Will    .....                    (no boots)
Stlth   +++.......               (no amulet)
HPRegen 0.23/turn                (no ring)
MPRegen 0.07/turn                (no ring)

@: no status effects
A: no striking features
a: no special abilities


You were on level 4 of the Dungeon.
You visited 1 branch of the dungeon, and saw 2 of its levels.

You collected 5 gold pieces.

Inventory:

Hand Weapons
 a - a +0 mace (weapon)
Armour
 b - a +0 leather armour (worn)
Wands
 g - a wand of digging (3)
Scrolls
 c - a scroll of fog
 d - a scroll of magic mapping
 e - a scroll of fear
Potions
 f - a potion of haste
 h - a potion of curing {unknown}


   Skills:
 + Level 3.1 Fighting
 + Level 1.7 Maces & Flails
 + Level 1.7 Dodging
 + Level 4.8 Stealth


You couldn't memorise any spells.
You didn't know any spells.
Your spell library was empty.

Dungeon Overview and Level Annotations

Branches:
Dungeon (5/15)
 Temple: D:4-7

Altars:
Xom


Message History

You hit the dart slug.
The dart slug is severely wounded.
The dart slug launches a dart at you. The slug dart hits you.
You hit the dart slug.
You kill the dart slug!
An orc wizard comes into view.
It is wielding a +0 dagger. 2 orcs come into view.
The orc shouts!
You hear a shout! x3
You hear a shout!
A goblin comes into view. It is wielding a +0 club.
Found 11 gold pieces.
Found 4 gold pieces.
A jelly comes into view.
The jelly quivers.
The helpless goblin fails to defend itself.
You hit the goblin.
The goblin is heavily wounded.
The goblin misses you. The goblin hits you with a +0 club.
You barely miss the goblin.
The goblin is heavily wounded.
The goblin closely misses you. The orc hits you with a +0 club.
The orc attacks as you move away! The orc hits you with a +0 club.
You see here 4 gold pieces.
You hit the orc.
The orc is severely wounded.
The orc closely misses you.
You barely miss the orc.
The orc is severely wounded.
The orc hits you with a +0 club. x2
You hit the orc.
You kill the orc!
You sock the goblin!
You kill the goblin!
You hit the jelly.
Your hands burn!
The jelly is moderately wounded.
The jelly hits you.
You are splashed with acid!
Ouch! That really hurt!
You die...

#. #. ##.#
########## ...
#.$....... #..
#......... #..
#.........
###..####......###
#....@J........#
#.######.......#
............+
...##.......#
#...........#######
#..#####.#.#.#....#
#. #...........# .
##.#.#>#....#
#...........#


You could see a jelly.

Vanquished Creatures
  A dart slug (D:4)
  An orc (D:4)
  A ball python (D:4)
  A goblin (D:4)
4 creatures vanquished.

Notes
Turn   | Place    | Note
-------+----------+-------------------------------------------
     0 | D:5      | SmokeWeed the Demonspawn Delver began the quest for the
                  | Orb.
     0 | D:5      | Reached XP level 1. HP: 18/18 MP: 1/1
   177 | D:5      | Found a shimmering altar of Xom.
   179 | D:5      | Found a shimmering altar of Xom.
   205 | D:5      | Noticed a howler monkey
   247 | D:4      | Noticed an orc wizard
   260 | D:4      | Noticed a jelly
   275 | D:4      | Splashed by a jelly's acid

Illustrated notes

Levels and vault maps discovered:
D:4:      layout_basic, mainiacjoe_overflow_boulevard, kennysheep_mini,
          st_stairs_8, kennysheep_dice, uniq_robin, uniq_sigmund,
          uniq_crazy_yiuf_cottage
D:5:      layout_loops_corners, xom_redecorated, uniq_eustachio

Action                   || total
-------------------------++-------
Melee: Mace              ||    10
 Stab: Sleeping          ||     2
Dodge: Dodged            ||     3

Table legend: (Time is in decaauts)
 A = Elapsed time spent in this place.
 B = Non-inter-level travel time spent in this place.
 C = Inter-level travel time spent in this place.
 D = Time resting spent in this place.
 E = Time spent auto-exploring this place.
 F = Levels seen in this place.
 G = Mean time per level.
                   A        B        C        D        E       F      G
               +--------+--------+--------+--------+--------+-----+--------+
         Total |    279 |    254 |     25 |      0 |    202 |   2 |  139.5 |
       Dungeon |    279 |    254 |     25 |      0 |    202 |   2 |  139.5 |
               +--------+--------+--------+--------+--------+-----+--------+

Top non-repeatable levels by time:
     D:5: 235 daAuts
     D:4: 43 daAuts
